 Dungeon Crawl Stone Soup version 0.20.0-15-g7f486f2 (webtiles) character file.

1003 botchamania the Insei (level 8, -2/64 HPs)
             Began as an Octopode Transmuter on June 27, 2017.
             Slain by a centaur (3 damage)
             ... on level 5 of the Dungeon.
             The game lasted 00:14:44 (6290 turns).

botchamania the Insei (Octopode Transmuter)         Turns: 6290, Time: 00:14:45

Health: -2/64      AC: 24    Str:  9    XL:     8   Next: 20%
Magic:  11/11      EV:  2    Int: 18    God:
Gold:   245        SH:  0    Dex: 12    Spells: 5/11 levels left

rFire    . . .     SeeInvis .     - Unarmed
rCold    . . .     Gourm    .   (no shield)
rNeg     + + +     Faith    .   (helmet currently unavailable)
rPois    +         Spirit   .   r - amulet of magic regeneration
rElec    .         Reflect  .   e - ring of stealth
rCorr    .         Harm     .   i - ring of positive energy
MR       .....     NoTele   +   (no ring)
Stlth    ++........             (no ring)
Regen    0.2/turn               (no ring)
MPRegen  0.2/turn               (no ring)
                                (no ring)
                                (no ring)

@: lethally poisoned (-2 -> -7), tree-form
A: almost no armour, stealthy swim, (amphibious), 8 rings, (constrict 8), frail
2
a: no special abilities


You were on level 5 of the Dungeon.
You were not hungry.
You were a tree.
You visited 1 branch of the dungeon, and saw 5 of its levels.

You collected 245 gold pieces.

Inventory:

Hand Weapons
 f - a +0 club
 g - a +0 blowgun
 t - a +0 dagger of freezing
Missiles
 a - 93 arrows
 d - 79 stones
 j - 3 tomahawks (quivered)
 u - 8 poisoned needles
Armour
 q - a +1 cloak of poison resistance
Jewellery
 e - a ring of stealth (left branch)
 i - a ring of positive energy (right branch)
 r - an amulet of magic regeneration (around neck)
Scrolls
 h - 2 scrolls of enchant armour
 k - a scroll of fear
 o - 2 scrolls of random uselessness
 p - a scroll of magic mapping {unknown}
 s - a scroll of remove curse {unknown}
Potions
 x - a potion of cancellation
 z - a potion of might {unknown}
Books
 b - a book of Changes

   Spells                             Type                      Level
   a - Beastly Appendage              Transmutation                1
   b - Sticks to Snakes               Transmutation                2
   c - Spider Form                    Transmutation/Poison         3
   d - Ice Form                       Ice/Transmutation            4
   e - Blade Hands                    Transmutation                5
Comestibles
 c - 2 bread rations
 l - 2 meat rations
 m - a fruit
 n - a royal jelly
 v - 3 chunks of flesh


   Skills:
 + Level 4.1 Fighting
 + Level 4.6 Dodging
 + Level 5.1 Unarmed Combat
 - Level 2.0 Spellcasting
 - Level 5.0 Transmutations
 - Level 3.4 Poison Magic


You had 5 spell levels left.
You knew the following spells:

 Your Spells              Type           Power        Failure   Level  Hunger
a - Beastly Appendage     Tmut           ###...       2%          1    #......
b - Sticks to Snakes      Tmut           ###.....     3%          2    ###....
c - Spider Form           Tmut/Pois      ###.......   10%         3    ###....


Dungeon Overview and Level Annotations

Branches:
Dungeon (5/15)
 Temple: D:4-7

Altars:
Ashenzari
The Shining One

Shops:
D:4 (


Innate Abilities, Weirdness & Mutations

You cannot wear most types of armour.
You are very stealthy in the water. (Stealth+)
((You are amphibious.))
You can wear up to eight rings at the same time.
((You can use your tentacles to constrict eight enemies at once.))
((Your skin changes colour to match your surroundings (Stealth+).))
((Your rubbery body absorbs attacks. (AC +1, EV +1)))
((One of your tentacles bears a spike.))
You are very frail. (-20% HP)


Message History

The water moccasin is moderately wounded.
You feel sick.
The centaur hits you but does no damage.
The water moccasin bites you but does no damage.
Unknown command.
You smack the water moccasin!
The water moccasin is almost dead.
You feel sick. The centaur hits you.
* * * LOW HITPOINT WARNING * * *
The water moccasin bites you.
* * * LOW HITPOINT WARNING * * *
The centaur hits you.
* * * LOW HITPOINT WARNING * * *
You barely miss the water moccasin.
The water moccasin is almost dead.
* * * LOW HITPOINT WARNING * * *
You feel sick.
The water moccasin bites you but does no damage.
The centaur hits you.
You die...

...............#....#
.................#....+
.................'....#
#...########...###...#
###...###..###...###...#
............#..........#
............#..........#
......c.....'..........#
......S♣....#..........+
.##.##.##..<##...##...##
#. #...##...##...#
#......#....#......
#......#....#......
#......#....# .....
##....###...# .## #....#
##### ......


You could see a water moccasin and a centaur.

Vanquished Creatures
  Sigmund (D:4)
  A sky beast (D:5)
  A phantom (D:4)
  An ogre (D:4)
  A big kobold (D:4)
  A centaur skeleton (D:4)
  Crazy Yiuf (D:4)
  An orc priest (D:4)
  2 orc wizards
  Terence (D:2)
  An iguana (D:4)
  3 worker ants (D:4)
  Robin (D:2)
  6 adders
  3 gnolls (D:5)
  An ooze (D:2)
  3 worms
  4 dart slugs
  3 leopard geckos
  12 orcs
  8 giant cockroaches
  9 goblins
  9 hobgoblins
  8 jackals
  3 quokkas
  4 ball pythons
  9 bats
  6 frilled lizards
  7 kobolds
  A quokka skeleton (D:4)
  4 rats
116 creatures vanquished.

Vanquished Creatures (collateral kills)
  An adder (D:2)
  A frilled lizard (D:2)
2 creatures vanquished.

Grand Total: 118 creatures vanquished

Notes
Turn   | Place    | Note
-------+----------+-------------------------------------------
     0 | D:1      | botchamania the Octopode Transmuter began the quest for the Orb.
     0 | D:1      | Reached XP level 1. HP: 13/13 MP: 3/3
   357 | D:1      | Reached XP level 2. HP: 18/18 MP: 3/5
   822 | D:1      | Reached XP level 3. HP: 23/23 MP: 4/6
   930 | D:1      | Learned a level 2 spell: Sticks to Snakes
   934 | D:1      | Learned a level 3 spell: Spider Form
  1116 | D:2      | Reached skill level 1 in Poison Magic
  1327 | D:2      | Gained mutation: You tend to lose your temper in combat. [potion of mutation]
  1327 | D:2      | Gained mutation: Your muscles are strong. (Str +2) [potion of mutation]
  1327 | D:2      | Gained mutation: Your mind is acute. (Int +2) [potion of mutation]
  1327 | D:2      | HP: 1/23 [poisoned by an adder]
  1518 | D:2      | Found a glowing golden altar of the Shining One.
  1536 | D:2      | Reached XP level 4. HP: 24/28 MP: 7/7
  1664 | D:2      | Noticed Robin
  1682 | D:2      | Killed Robin
  2273 | D:2      | Found a faded altar of an unknown god.
  2284 | D:2      | Noticed Terence
  2295 | D:2      | Killed Terence
  2295 | D:2      | Reached XP level 5. HP: 13/33 MP: 4/8
  3245 | D:3      | Reached skill level 5 in Transmutations
  3481 | D:3      | Reached XP level 6. HP: 19/38 MP: 6/9
  4375 | D:4      | Found a shattered altar of Ashenzari.
  4424 | D:4      | Lost mutation: You tend to lose your temper in combat. [potion of mutation]
  4424 | D:4      | Lost mutation: Your mind is acute. (Int +2) [potion of mutation]
  4424 | D:4      | Lost mutation: Your muscles are strong. (Str +2) [potion of mutation]
  4424 | D:4      | Gained mutation: You are frail. (-10% HP) [potion of mutation]
  4424 | D:4      | Gained mutation: You are very frail. (-20% HP) [potion of mutation]
  4424 | D:4      | Gained mutation: One of your tentacles bears a spike. [potion of mutation]
  4427 | D:4      | Noticed Sigmund
  4439 | D:4      | Killed Sigmund
  4439 | D:4      | Reached XP level 7. HP: 32/36 MP: 7/10
  4487 | D:4      | Found a runed door.
  4842 | D:4      | Noticed Crazy Yiuf
  4858 | D:4      | Killed Crazy Yiuf
  5759 | D:4      | Found Vacwuet's Antique Weapon Emporium.
  5907 | D:4      | Reached XP level 8. HP: 42/43 MP: 8/11
  6128 | D:5      | Entered Level 5 of the Dungeon
  6180 | D:5      | Reached skill level 5 in Unarmed Combat
  6289 | D:5      | HP: 2/64 [centaur (5)]
  6290 | D:5      | Slain by a centaur

Skill      XL: |  1  2  3  4  5  6  7  8 |
---------------+-------------------------+-----
Transmutations | 3 4 5 |  5.0
Poison Magic   | 2 3 |  3.4
Fighting       | 2 3 4 |  4.1
Dodging        | 3 4 |  4.6
Unarmed Combat | 4 5 |  5.1
Spellcasting   | |  2.0

Action                   |  1- 3 |  4- 6 |  7- 9 || total
-------------------------+-------+-------+-------++-------
Melee: Unarmed           |    83 |   184 |   115 ||   382
       Constrict         |    21 |    14 |     3 ||    38
       Tentacles         |    13 |     6 |     6 ||    25
       Kick              |    12 |       |     6 ||    18
       Punch             |     2 |       |     1 ||     3
Throw: Tomahawk          |     7 |       |     1 ||     8
 Cast: Beastly Appendage |    12 |       |       ||    12
       Sticks to Snakes  |     3 |       |     3 ||     6
       Spider Form       |       |    20 |    10 ||    30
  Use: Potion            |     3 |     1 |     5 ||     9
       Scroll            |       |     6 |       ||     6
 Stab: Sleeping          |     6 |     5 |     7 ||    18
  Eat: Chunk             |     2 |    11 |       ||    13
       Fruit             |       |     1 |       ||     1
       Bread ration      |       |       |     1 ||     1
       Meat ration       |       |       |     1 ||     1
Armor: Skin              |     5 |     8 |    10 ||    23
Dodge: Dodged            |    39 |   133 |    74 ||   246
